 Dungeon Crawl Stone Soup version 0.29-a0-653-gd47aff6735 (webtiles) character file.

Game seed: 14986228200207320309

33 DocClef the Skirmisher (level 3, -38/31 HPs)
             Began as a Formicid Fighter on June 21, 2022.
             Engulfed by a cloud of flame (46 damage)
             ... on level 2 of the Dungeon.
             The game lasted 00:01:05 (905 turns).

DocClef the Skirmisher (Formicid Fighter)            Turns: 905, Time: 00:01:06

Health: -38/31     AC:  6    Str: 22    XL:     3   Next: 47%
Magic:  3/3        EV:  6    Int:  7    God:
Gold:   64         SH: 13    Dex: 13    Spells: 2/2 levels left

rFire   . . .      SeeInvis +   a - +0 war axe
rCold   . . .      Faith    .   f - +0 tower shield
rNeg    . . .      Spirit   .   b - +0 scale mail
rPois   .          Reflect  .   (helmet unavailable)
rElec   .          Harm     .   (no cloak)
rCorr   .          Rampage  .   (no gloves)
Will    .....                   (no boots)
Stlth   ..........              (no amulet)
HPRegen 0.10/turn               (no ring)
MPRegen 0.08/turn               (no ring)

@: no status effects
A: permanent stasis, dig shafts and tunnels, antennae 3, four strong arms
a: Dig, Shaft Self


You were on level 2 of the Dungeon.
You visited 1 branch of the dungeon, and saw 2 of its levels.

You collected 64 gold pieces.

Inventory:

Hand Weapons
 a - a +0 war axe (weapon)
Armour
 b - a +0 scale mail (worn)
 c - a +0 buckler
 f - a +0 tower shield (worn)
Jewellery
 g - a ring of flight
 i - a +6 ring of intelligence
Scrolls
 o - 2 scrolls of noise {unknown}
Potions
 d - a potion of might
 e - a potion of invisibility {unknown}
 h - a potion of flight {unknown}
 k - a potion of haste {unknown}
 l - a potion of mutation {unknown}
 m - 2 potions of curing {unknown}
 n - a potion of cancellation {unknown}


   Skills:
 + Level 4.7 Fighting
 - Level 2.0 Axes
 - Level 3.2 Armour
 - Level 4.0 Shields


You had 2 spell levels left.
You didn't know any spells.
Your spell library was empty.

Dungeon Overview and Level Annotations

Branches:
Dungeon (2/15)

Altars:


Innate Abilities, Weirdness & Mutations

You cannot be hasted, slowed, berserked, paralysed or teleported.
You can dig through walls and to a lower floor.
You have a pair of large antennae on your head. (SInv)
Your four strong arms can wield two-handed weapons with a shield.


Message History

The bat hits you but does no damage.
You closely miss the bat. You block the bat's attack.
The bat hits you but does no damage.
You slash the bat!
You kill the bat!
No target in view!
A hobgoblin comes into view.
The hobgoblin shouts!
A hobgoblin is nearby!
A hobgoblin is nearby!
A hobgoblin is nearby!
You block the hobgoblin's attack.
You closely miss the hobgoblin. You block the hobgoblin's attack.
The hobgoblin hits you but does no damage.
You hit the hobgoblin but do no damage. You block the hobgoblin's attack. x2
You hit the hobgoblin.
The hobgoblin is almost dead.
The hobgoblin barely misses you.
You hit the hobgoblin.
You kill the hobgoblin!
No target in view!
No target in view!
o - 2 scrolls labelled UMOIZOG SARO (gained 1)
You sense a monster nearby.
An adder comes into view.
The adder hisses angrily.
The adder moves out of view.
An adder is nearby!
As you read the scroll labelled MIFYL XU GIOPO, it crumbles to dust.
The creatures around you are filled with an inner flame!
It was a scroll of immolation.
You block the adder's attack.
You barely miss the adder. You block the adder's attack. x2
You slash the adder!
The adder explodes!
The fiery explosion engulfs you!!
Ouch! That really hurt!
* * * LOW HITPOINT WARNING * * *
You are engulfed in blazing flames.
Ouch! That really hurt!
You die...

###.#.#.#.#
#...#.#.... .....# ..#
#.#...#.#.#..# ..#
#.#...#.#....# ..#
#.#...#......#
..###.#..........#
......##..####.§§####
...............§§$..#
.#######..######@#
..........# #...#
.########.####.#######
. ....................
. #######.############
# #.# #.# #.. ...


There were no monsters in sight!

Vanquished Creatures
  An adder (D:2)
  A worm (D:2)
  2 bats
  An endoplasm (D:1)
  4 giant cockroaches (D:1)
  4 goblins (D:1)
  4 hobgoblins
  2 ball pythons (D:1)
  A frilled lizard (D:1)
  5 kobolds
  5 rats (D:1)
30 creatures vanquished.

Notes
Turn   | Place    | Note
-------+----------+-------------------------------------------
     0 | D:1      | DocClef the Formicid Fighter began the quest for the Orb.
     0 | D:1      | Reached XP level 1. HP: 18/18 MP: 1/1
   215 | D:1      | Reached XP level 2. HP: 25/25 MP: 2/2
   407 | D:1      | Found a faded altar of an unknown god.
   460 | D:1      | Reached XP level 3. HP: 31/31 MP: 3/3
   905 | D:2      | Engulfed by a cloud of flame

Illustrated notes

Levels and vault maps discovered:
D:1:      wander_arrival_peaceful_grave, layout_basic,
          shapermc_ecumenical_altar_venn
D:2:      layout_basic

Skill      XL: |  1  2 |
---------------+-------+-----
Fighting       | 4 |  4.7
Axes           | |  2.0
Armour         | |  3.2
Shields        | |  4.0

Action                   || total
-------------------------++-------
Melee: War axe           ||    57
  Use: Scroll            ||     2
Armor: Scale mail        ||    19
Dodge: Dodged            ||    17
Block: Tower shield      ||    42

Table legend: (Time is in decaauts)
 A = Elapsed time spent in this place.
 B = Non-inter-level travel time spent in this place.
 C = Inter-level travel time spent in this place.
 D = Time resting spent in this place.
 E = Time spent auto-exploring this place.
 F = Levels seen in this place.
 G = Mean time per level.
                   A        B        C        D        E       F      G
               +--------+--------+--------+--------+--------+-----+--------+
         Total |    941 |    937 |      4 |      0 |    723 |   2 |  470.5 |
       Dungeon |    941 |    937 |      4 |      0 |    723 |   2 |  470.5 |
               +--------+--------+--------+--------+--------+-----+--------+

Top non-repeatable levels by time:
     D:1: 737 daAuts
     D:2: 203 daAuts
